 Dungeon Crawl Stone Soup version 0.29-a0-187-ga23d9638d5 (webtiles) character file.

Game seed: 7467013092112742673

113 dr0g0th the Covered (level 4, -9/29 HPs)
             Began as a Gargoyle Fighter on Feb 21, 2022.
             Killed from afar by Ijyb (33 damage)
             ... with a bolt of acid
             ... on level 3 of the Dungeon.
             The game lasted 00:02:47 (2121 turns).

dr0g0th the Covered (Gargoyle Fighter)              Turns: 2121, Time: 00:02:48

Health: -9/29      AC: 13    Str: 21    XL:     4   Next: 96%
Magic:  4/4        EV:  9    Int:  9    God:
Gold:   61         SH:  4    Dex:  9    Spells: 3/3 levels left

rFire   . . .      SeeInvis .   o - +2 mace (holy)
rCold   . . .      Faith    .   c - +0 buckler
rNeg    + . .      Spirit   .   b - +0 scale mail
rPois   ∞          Reflect  .   (no helmet)
rElec   +          Harm     .   (no cloak)
rCorr   .          Rampage  .   i - +0 pair of gloves
Will    +....                   h - +0 pair of boots
Stlth   ..........              (no amulet)
HPRegen 0.09/turn               g - ring of willpower
MPRegen 0.09/turn               (no ring)

@: no status effects
A: sickness immunity, AC +3, negative energy resistance 1, electricity
resistance, torment resistance 1, petrification resistance
a: no special abilities


You were on level 3 of the Dungeon.
You visited 1 branch of the dungeon, and saw 3 of its levels.

You collected 61 gold pieces.

Inventory:

Hand Weapons
 a - a +0 flail
 o - a +2 mace of holy wrath (weapon)
Armour
 b - a +0 scale mail (worn)
 c - a +0 buckler (worn)
 h - a +0 pair of boots (worn)
 i - a +0 pair of gloves (worn)
Jewellery
 g - a ring of willpower (left hand)
Scrolls
 f - 2 scrolls of identify
 j - 3 scrolls of teleportation
 k - a scroll of fear {unknown}
 l - a scroll of blinking
 m - a scroll of amnesia {unknown}
 n - a scroll of acquirement {unknown}
Potions
 d - 2 potions of might
 e - a potion of degeneration {unknown}
 p - a potion of flight {unknown}


   Skills:
 + Level 3.8 Fighting
 + Level 3.2 Maces & Flails
 + Level 4.0 Armour
 + Level 1.0 Dodging
 + Level 0.2 Stealth
 + Level 3.8 Shields


You had 3 spell levels left.
You didn't know any spells.
Your spell library contained the following spells:

 Spells                   Type           Power      Damage    Failure   Level
 Freeze                   Ice            0%         1d3       80%         1
 Ensorcelled Hibernation  Hex/Ice        0%         N/A       91%         2
 Confusing Touch          Hex            0%         N/A       99%         3
 Frozen Ramparts          Ice            0%         1d2       99%         3
 Spider Form              Tmut/Pois      0%         N/A       99%         3
 Anguish                  Hex/Necr       0%         N/A       100%        4
 Hailstorm                Conj/Ice       0%         3d3       100%        4
 Yara's Violent Unravell  Hex/Tmut       0%         3d3       100%        5
 Enfeeble                 Hex            0%         N/A       100%        7


Dungeon Overview and Level Annotations

Branches:
Dungeon (3/15)

Altars:

Shops:
D:1 ?

Annotations:
D:3 Ijyb


Innate Abilities, Weirdness & Mutations

You are immune to sickness and miasma.
Your stone body is resilient. (AC +3)
You are immune to poison.
You resist negative energy. (rN+)
You are resistant to electric shocks. (rElec)
You are resistant to unholy torment.
You are immune to petrification.


Message History

Robin closely misses you.
Things that are here:
a +0 dagger; a hobgoblin corpse; a goblin corpse You hit Robin.
Robin is moderately wounded.
Robin hits you but does no damage.
Robin hits you with a +2 mace of holy wrath.
You hit Robin but do no damage.
Robin is moderately wounded.
You block Robin's attack.
You hit Robin.
Robin is heavily wounded.
You block Robin's attack.
You thump Robin!
You kill Robin!
No target in view!
Items here: ) [[ †.
o - a +2 mace of holy wrath Your +2 mace of holy wrath softly glows with a divine radiance!
o - a +2 mace of holy wrath (weapon)
There is a shaft here.
j - 3 scrolls of teleportation (gained 1)
p - a white potion Ijyb the Twisted Goblin comes into view.
She is wielding a +1 dagger of holy wrath, wearing a +1 ring mail of cold resistance and carrying a wand of acid (10).
Ijyb is nearby!
Ijyb is nearby!
Ijyb is nearby!
Found a stone staircase leading down.
Ijyb screams, "Die!"
Ijyb screams, "Me stronger than you!"
Ijyb zaps a wand.
The bolt of acid misses you.
Ijyb hits you with a +1 dagger of holy wrath.
You barely miss Ijyb.
Ijyb hits you with a +1 dagger of holy wrath.
Ijyb zaps a wand.
The bolt of acid misses you.
You sock Ijyb!
Ijyb is moderately wounded.
Ijyb zaps a wand.
The bolt of acid hits you!!
Ouch! That really hurt!
You die...

#.#####.#.#
#........(...#
#..#.#####.###
#..#.# #.# .>.#.#
#.# #.##.# #.#
#.##.# #.#
#g##.#####.#
#@##...†.))##
#.##.#.####[##
#.##.#.###...##
#.##.#.##.....##
#.....#......^.#.#
###..............#
#..#.#.......###
#..#.##.....##
#..........##


You could see Ijyb.

Vanquished Creatures
  Robin (D:3)
  3 adders (D:3)
  A dart slug (D:3)
  An orc (D:2)
  7 endoplasms
  2 giant cockroaches
  10 goblins
  9 hobgoblins
  6 jackals
  5 kobolds
  2 quokkas (D:1)
  8 ball pythons
  2 bats (D:2)
  4 frilled lizards
  4 rats
65 creatures vanquished.

Notes
Turn   | Place    | Note
-------+----------+-------------------------------------------
     0 | D:1      | dr0g0th the Gargoyle Fighter began the quest for the Orb.
     0 | D:1      | Reached XP level 1. HP: 14/14 MP: 1/1
   375 | D:1      | Reached XP level 2. HP: 15/19 MP: 2/2
   549 | D:1      | Found Zazxypp's Magic Scroll Shop.
  1119 | D:2      | Reached XP level 3. HP: 23/24 MP: 3/3
  1763 | D:3      | Reached XP level 4. HP: 29/29 MP: 4/4
  1951 | D:3      | Reached skill level 4 in Armour
  1970 | D:3      | Noticed Robin
  2002 | D:3      | Reached skill level 1 in Dodging
  2047 | D:3      | Killed Robin
  2115 | D:3      | Noticed Ijyb
  2121 | D:3      | Killed from afar by Ijyb

Illustrated notes

Levels and vault maps discovered:
D:1:      roderic_octagonal_star, layout_rooms, serial_shops,
          nicolae_shop_waterfront
D:2:      layout_rooms, item_on_display_a
D:3:      layout_loops_ring, okawaru_ov_weapons_minmay, uniq_sigmund, uniq_ijyb,
          uniq_robin

Skill      XL: |  1  2  3  4 |
---------------+-------------+-----
Armour         | 4 |  4.0
Dodging        | 1 |  1.0
Maces & Flails | 3 |  3.2
Fighting       | |  3.8
Stealth        | |  0.2
Shields        | |  3.8

Action                   |  1- 3 |  4- 6 || total
-------------------------+-------+-------++-------
Melee: Flail             |   132 |    69 ||   201
       Mace              |       |     2 ||     2
  Use: Scroll            |     3 |       ||     3
Armor: Scale mail        |    69 |    37 ||   106
Dodge: Dodged            |    55 |    28 ||    83
Block: Buckler           |    24 |     8 ||    32

Table legend: (Time is in decaauts)
 A = Elapsed time spent in this place.
 B = Non-inter-level travel time spent in this place.
 C = Inter-level travel time spent in this place.
 D = Time resting spent in this place.
 E = Time spent auto-exploring this place.
 F = Levels seen in this place.
 G = Mean time per level.
                   A        B        C        D        E       F      G
               +--------+--------+--------+--------+--------+-----+--------+
         Total |   2184 |   2129 |     55 |    434 |   1225 |   3 |  728.0 |
       Dungeon |   2184 |   2129 |     55 |    434 |   1225 |   3 |  728.0 |
               +--------+--------+--------+--------+--------+-----+--------+

Top non-repeatable levels by time:
     D:1: 1131 daAuts
     D:2: 609 daAuts
     D:3: 444 daAuts
